 Dungeon Crawl Stone Soup version 0.29.1-2-gbd0b4ee654 (webtiles) character file.

Game seed: 9630100707621570178

53 Icepheonix32 the Insei (level 3, -8/23 HPs)
             Began as an Octopode Transmuter on Nov 17, 2022.
             Mangled by Terence
             ... wielding a +3 hand axe of electrocution
              (15 damage)
             ... on level 3 of the Dungeon.
             The game lasted 00:01:56 (2281 turns).

Icepheonix32 the Insei (Octopode Transmuter)        Turns: 2281, Time: 00:01:57

Health: -8/23      AC:  2    Str: 11    XL:     3   Next: 89%
Magic:  0/6        EV: 19    Int: 15    God:
Gold:   63         SH:  0    Dex: 17    Spells: 0/6 levels left

rFire   . . .      SeeInvis .     - Unarmed
rCold   . . .      Faith    .   (shield currently unavailable)
rNeg    . . .      Spirit   .   (helmet currently unavailable)
rPois   x          Reflect  .   (no amulet)
rElec   .          Harm     .   (no ring)
rCorr   .          Rampage  .   (no ring)
Will    .....                   (no ring)
Stlth   ++........              (no ring)
HPRegen 0.07/turn               (no ring)
MPRegen 0.10/turn               (no ring)
                                (no ring)
                                (no ring)

@: spider-form, very slightly contaminated, hasted, very quick
A: venomous fangs, almost no armour, (amphibious), 8 rings, tiny, (camouflage
1), (gelatinous body 1), (nimble swimmer 1), (tentacles)
a: End Transformation


You were on level 3 of the Dungeon.
You were a venomous arachnid creature.
You visited 1 branch of the dungeon, and saw 3 of its levels.

You collected 63 gold pieces.

Inventory:

Armour
 i - an orb of wrath
Jewellery
 d - an amulet of regeneration
Scrolls
 e - 3 scrolls of identify {unknown}
 f - a scroll of amnesia {unknown}
 j - 2 scrolls of noise {unknown}
 k - a scroll of enchant armour {unknown}
Potions
 c - a potion of invisibility {unknown}
 g - a potion of haste
 h - a potion of flight {unknown}


   Skills:
 + Level 1.1 Fighting
 * Level 2.4 Dodging
 + Level 1.4 Stealth
 + Level 3.7 Unarmed Combat
 + Level 2.1 Spellcasting
 + Level 2.4 Transmutations


You couldn't memorise any spells.
You knew the following spells:

 Your Spells              Type           Power      Damage    Failure   Level
a - Beastly Appendage     Tmut           16%        N/A       22%         1
b - Spider Form           Tmut/Pois      5%         N/A       58%         3
c - Wereblood             Tmut           8%         N/A       28%         2

Your spell library contained the following spells:

 Spells                   Type           Power      Damage    Failure   Level
 Ice Form                 Ice/Tmut       5%         N/A       91%         4


Dungeon Overview and Level Annotations

Branches:
Dungeon (3/15)

Altars:

Shops:
D:1 =

Annotations:
D:3 Terence


Innate Abilities, Weirdness & Mutations

You are a venomous arachnid creature.
You have poisonous fangs.
You are tiny and dextrous.
Your spellcasting is less reliable in this form.
Your armour is entirely melded.
You are incapable of wielding weapons or throwing items.
You cannot wear most types of armour.
((You are amphibious.))
You can wear up to eight rings at the same time.
((Your skin changes colour to match your surroundings (Stealth+).))
((Your rubbery body absorbs attacks. (AC +1, EV +1)))
((You are camouflaged when in or above water. (Stealth+)))
((You have tentacles for arms and can constrict up to eight enemies at once.))


Message History

You constrict Terence, but do no damage.
Terence shouts, "Get ready for death!"
Terence closely misses you.
Casting: Beastly Appendage (safe; 9% risk of failure)
Confirm with . or Enter, or press ? or * to list all spells.
The spell is extremely dangerous to miscast (36% risk of failure)!
Continue anyway?
You miscast Spider Form.
You are very lightly contaminated with residual magic.
Nothing appears to happen.
You constrict Terence, but do no damage.
Terence hits you with a +3 hand axe of electrocution.
Unknown command.
Unknown command.
Unknown command.
Unknown command.
Casting: Spider Form (extremely dangerous; 36% risk of failure)
Confirm with . or Enter, or press ? or * to list all spells.
You don't have enough magic to cast this spell.
Terence is nearby!
Unknown command.
Unknown command.
It was a potion of haste.
You feel yourself speed up.
You constrict Terence. Terence barely misses you.
You release your grip on Terence.
Casting: Spider Form (extremely dangerous; 36% risk of failure)
Confirm with . or Enter, or press ? or * to list all spells.
The spell is extremely dangerous to miscast (36% risk of failure)!
Continue anyway?
Your tentacle spike disappears.
You turn into a venomous arachnid creature.
You hit Terence but do no damage.
Terence is poisoned.
Terence is moderately wounded.
Terence hits you with a +3 hand axe of electrocution.
You hit Terence but do no damage.
Terence is moderately wounded.
You hit Terence.
Terence is moderately wounded.
Terence hits you with a +3 hand axe of electrocution.
You are electrocuted!
Ouch! That really hurt!
You die...

...............##
.......<...)....#
....#+#+##......#
. #.#.##......#
##'#........##
#.....########
#.....'.......
###.....########
#+#...s...#
........@..#
+.........).#
#...........#
..............
.........#####.#
.........# #
........# #######


You could see Terence (very poisoned).

Vanquished Creatures
  A dart slug (D:2)
  5 orcs
  6 ball pythons
  2 bats (D:1)
  8 endoplasms
  A giant cockroach (D:2)
  A goblin (D:3)
  6 hobgoblins
  3 kobolds (D:1)
  2 quokkas
  2 frilled lizards
  3 rats
40 creatures vanquished.

Notes
Turn   | Place    | Note
-------+----------+-------------------------------------------
     0 | D:1      | Icepheonix32 the Octopode Transmuter began the quest for
                  | the Orb.
     0 | D:1      | Reached XP level 1. HP: 13/13 MP: 3/3
    55 | D:1      | Found Kaohila's Jewellery Boutique.
   342 | D:1      | Reached XP level 2. HP: 17/18 MP: 3/5
  1044 | D:2      | Reached XP level 3. HP: 22/23 MP: 4/6
  1048 | D:2      | Learned a level 3 spell: Spider Form
  1051 | D:2      | Learned a level 2 spell: Wereblood
  1351 | D:2      | Reached skill level 1 in Stealth
  2266 | D:3      | Noticed Terence
  2281 | D:3      | Mangled by Terence

Illustrated notes

Levels and vault maps discovered:
D:1:      lightli_arrival_lavapool, layout_rooms, serial_shops,
          nicolae_shop_waterfront, serial_rivers,
          chequers_serial_rivers_micro_c, chequers_serial_rivers_micro_d,
          chequers_serial_rivers_micro_c, chequers_serial_rivers_marsh,
          chequers_serial_rivers_room_b
D:2:      layout_basic, minivault_11
D:3:      layout_basic, kennysheep_slug_shrine,
          dreamdust_ecumenical_altar_grove, serial_glass, glass_columns_b,
          glass_columns_b, glass_columns_a, minmay_strange_pillars,
          serial_park_tiny_1, grunt_ministairs_11, uniq_grinder, uniq_terence

Skill      XL: |  1  2  3 |
---------------+----------+-----
Stealth        | 1 |  1.4
Fighting       | |  1.1
Dodging        | |  2.4
Unarmed Combat | |  3.7
Spellcasting   | |  2.1
Transmutations | |  2.4

Action                   || total
-------------------------++-------
Melee: Unarmed           ||    72
       Constrict         ||    19
       Tentacles         ||    13
       Kick              ||    15
       Punch             ||     1
 Cast: Beastly Appendage ||    22
       Spider Form       ||     1
  Use: Potion            ||     3
 Stab: Sleeping          ||     4
Armor: Skin              ||    10
Dodge: Dodged            ||    50
